 Dungeon Crawl Stone Soup version 0.31-a0-940-gdaa99269f9 (webtiles) character file.

Game seed: 12340526004260023033

9 Kurtz the Sneak (level 2, -1/24 HPs)
             Began as a Formicid Delver on Oct 20, 2023.
             Slain by an orc
             ... wielding a +0 war axe
              (8 damage)
             ... on level 4 of the Dungeon.
             The game lasted 00:00:39 (152 turns).

Kurtz the Sneak (Formicid Delver)                    Turns: 152, Time: 00:00:40

Health: -1/24      AC:  3    Str: 16    XL:     2   Next: 20%
Magic:  2/2        EV: 12    Int:  9    God:
Gold:   5          SH:  0    Dex: 15    Spells: 1/1 levels left

rFire   . . .        a - +0 hand axe
rCold   . . .        (no shield)
rNeg    . . .        b - +0 leather armour
rPois   .            (helmet unavailable)
rElec   .            (no cloak)
rCorr   .            (no gloves)
SInv    +            (no boots)
Will    .....        (no amulet)
Stlth   +++          (no ring)
HPRegen 0.24/turn    (no ring)
MPRegen 0.08/turn

%: no passive effects
@: no status effects
A: permanent stasis, dig shafts and tunnels, antennae 3, four strong arms
a: Dig, Shaft Self


You were on level 4 of the Dungeon.
You visited 1 branch of the dungeon, and saw 2 of its levels.

You collected 5 gold pieces.

Inventory:

Hand Weapons
 a - a +0 hand axe (weapon)
Missiles
 g - 4 poisoned darts
Armour
 b - a +0 leather armour (worn)
Wands
 f - a wand of digging (3)
Scrolls
 c - a scroll of fog
 d - a scroll of revelation


   Skills:
 + Level 3.3 Fighting
 + Level 2.0 Axes
 + Level 1.8 Dodging
 + Level 6.4 Stealth


You had one spell level left.
You didn't know any spells.
Your spell library was empty.

Dungeon Overview and Level Annotations

Branches:
Dungeon (5/15)
 Temple: D:4-7

Altars:

Shops:
D:4 :

Annotations:
D:4 exclusion: downstairs


Innate Abilities, Weirdness & Mutations

You cannot be hasted, slowed, berserked, paralysed or teleported.
You can dig through walls and to a lower floor.
You have a pair of large antennae on your head. (SInv)
Your four strong arms can wield two-handed weapons with a shield.


Message History

Found 5 poisoned darts.
An ice beast comes into view.
A sleepcap, an orc and an endoplasm come into view.
The sleepcap moves out of view.
An orc priest comes into view. It is wielding a +0 hand axe.
An orc and an orc wizard come into view.
Found 2 gold pieces.
You hit the ice beast but do no damage. The ice beast barely misses you.
You closely miss the ice beast. You barely miss the phantom.
The orc wizard shouts!
The ice beast completely misses you. The phantom misses you.
The orc shouts! x2
You hit the ice beast.
The ice beast is lightly wounded.
You barely miss the phantom. You hit the sleepcap.
You hit the endoplasm but do no damage. The sleepcap barely misses you.
The endoplasm hits you.
The ice beast hits you but does no damage.
A phantom comes into view.
The phantom hits you.
The endoplasm attacks as it pursues you!
The endoplasm hits you. The ice beast barely misses you.
The orc wizard points at you and mumbles some strange words.
The magic dart hits you.
Found 5 stones.
The sleepcap attacks as it pursues you! The sleepcap closely misses you.
The ice beast attacks as it pursues you!
The ice beast hits you but does no damage.
The endoplasm attacks as it pursues you!
The endoplasm barely misses you.
The orc wizard mumbles some strange words.
The orc wizard flickers and vanishes for a moment.
A bullfrog skeleton comes into view.
The orc attacks as it pursues you! The orc hits you with a +0 war axe!
* * * LOW HITPOINT WARNING * * *
The orc priest calls down the wrath of Beogh upon you.
You barely resist. The phantom attacks as it pursues you!
The phantom barely misses you. The orc attacks as it pursues you!
The orc hits you with a +0 war axe!
You die...

#................
#......{YZW.......
.......W{o.oo..~.≈~.
......#####f##.~~~~.
$....... #.# ~~~~~~
......... #W##P.~~
...... #.#... ...
#o#.####.#
#.@.......
##########


You could see an ice beast, a phantom, a sleepcap, an orc priest, an orc and a
bullfrog skeleton.

Vanquished Creatures
  An adder (D:5)
1 creature vanquished.

Notes
Turn   | Place    | Note
-------+----------+-------------------------------------------
     0 | D:5      | Kurtz the Formicid Delver began the quest for the Orb.
     0 | D:5      | Reached XP level 1. HP: 18/18 MP: 1/1
     1 | D:5      | Noticed a hound
    77 | D:5      | Reached XP level 2. HP: 24/24 MP: 2/2
    93 | D:4      | Noticed a phantom
   103 | D:4      | Found Vacufron's Book Boutique.
   108 | D:4      | Noticed a phantom
   135 | D:4      | Noticed an ice beast
   142 | D:4      | Noticed a phantom
   152 | D:4      | Slain by an orc

Illustrated notes

Levels and vault maps discovered:
D:4:      layout_basic, minmay_temple_entry_fiery, serial_shops,
          nicolae_shop_waterfront, serial_undead, serial_undead_a,
          serial_undead_f, serial_undead_f, serial_undead_c, serial_undead_d,
          uniq_robin
D:5:      layout_basic, hangedman_decor_riveting, serial_bayou_pond_b

Action                     || total
---------------------------++-------
  Melee: Hand axe          ||     5
    Use: Scroll            ||     1
   Stab: Sleeping          ||     1
 Armour: Leather armour    ||    13
  Dodge: Dodged            ||    14

Table legend: (Time is in decaauts)
 A = Elapsed time spent in this place.
 B = Non-inter-level travel time spent in this place.
 C = Inter-level travel time spent in this place.
 D = Time resting spent in this place.
 E = Time spent auto-exploring this place.
 F = Levels seen in this place.
 G = Mean time per level.
                   A        B        C        D        E       F      G
               +--------+--------+--------+--------+--------+-----+--------+
         Total |    152 |    152 |      0 |      0 |      1 |   2 |   76.0 |
       Dungeon |    152 |    152 |      0 |      0 |      1 |   2 |   76.0 |
               +--------+--------+--------+--------+--------+-----+--------+

Top non-repeatable levels by time:
     D:5: 93 daAuts
     D:4: 59 daAuts
